Map: Port Aleksander LE

Players

llllllllllll

  • Race: Zerg Zerg
  • League: Grandmaster
  • Spawn Location: 5:00

NORTHAMERICA - Winner!

  • Race: Protoss Protoss
  • League: Grandmaster
  • Spawn Location: 11:00

VOD

Have the link to the VOD?

Description

Time

  • Played on: Feb. 5, 2019, 9:32 a.m.
  • Length: 8:34
Show
View Real Time Build Order
Export as new Build Order

llllllllllll Zerg 

Build Orders: Hatch First 

Get SALT Encoding   

  12  0:00  Drone  
  13  0:12  Overlord  
  13  0:17  Drone  
  14  0:30  Drone x2  
  16  0:49  Hatchery  
  15  0:53  Drone  
  15  0:55  Drone  
  17  0:59  Drone  
  18  1:08  Extractor  
  17  1:15  Spawning Pool  
  17  1:18  Drone  
  17  1:21  Drone  
  18  1:28  Drone  
  19  1:39  Drone  
  20  1:50  Overlord  
  20  2:01  Queen x2  
  20  2:02  Zergling x4  
  26  2:11  Drone  
  26  2:13  Drone  
  28  2:25  Drone x2  
  30  2:31  Hatchery  
  30  2:33  Drone  
  30  2:36  Drone  
  31  2:43  Drone  
  32  2:45  Metabolic Boost  
  32  2:48  Overlord  
  32  2:55  Queen  
  34  3:02  Drone x2  
  36  3:08  Drone x2  
  36  3:12  Drone x2  
  40  3:13  Drone  
  40  3:17  Drone  
  42  3:24  Overlord  
  42  3:28  Drone  
  42  3:32  Spore Crawler  
  42  3:33  Drone  
  43  3:41  Queen, Drone  
  44  3:44  Queen  
  44  3:45  Drone x2  
  44  3:46  Drone x2  
  52  3:49  Overlord  
  52  3:56  Drone  
  52  4:02  Spore Crawler, Drone x2  
  54  4:08  Overlord  
  54  4:11  Drone  
  54  4:12  Drone x3  
  54  4:15  Lair  
  58  4:26  Roach Warren  
  58  4:28  Drone x2, Extractor  
  58  4:29  Extractor  
  58  4:30  Spore Crawler  
  56  4:32  Drone, Overlord  
  56  4:33  Drone x3  
  60  4:43  Zergling x2  
  60  4:44  Zergling x2  
  61  4:46  Overlord  
  62  4:52  Zergling x2  
  62  4:53  Zergling x8  
  62  4:56  Drone x3  
  69  5:02  Drone x2  
  69  5:04  Drone x4  
  75  5:11  Drone  
  75  5:13  Extractor  
  75  5:14  Glial Reconstitution  
  75  5:15  Extractor  
  75  5:16  Overlord  
  69  5:32  Zergling x20  
  74  5:40  Zergling x2  
  66  5:52  Overlord  
  66  5:56  Drone x7  
  60  6:06  Drone x2  
  60  6:09  Drone  
  60  6:10  Queen  
  65  6:14  Queen  
  67  6:23  Spire  
  66  6:27  Drone x2  
  68  6:33  Drone x2  
  68  6:34  Evolution Chamber  
  67  6:41  Drone  
  67  6:42  Hatchery, Drone x5  
  72  6:53  Drone  
  73  6:54  Roach x2  
  73  6:55  Roach x4  
  85  7:03  Baneling Nest  
  85  7:04  Queen  
  85  7:06  Drone  
  87  7:31  Drone  
  87  7:34  Hydralisk Den  
  87  7:36  Mutalisk  
  89  7:38  Overlord x4  
  89  7:43  Overlord  
  88  7:48  Overlord  
  88  7:50  Overlord  
  87  8:00  Mutalisk x11  
  87  8:02  Zergling x2  
  87  8:03  Zergling x2  
  111  8:06  Zergling x2  
  112  8:13  Zergling x14  
  112  8:14  Zergling x2  
Show
View Real Time Build Order
Export as new Build Order

NORTHAMERICA Protoss - Winner!

Build Orders: 1 Gate Expand, Oracle Opening 

Get SALT Encoding   

  12  0:01  Probe  
  13  0:13  Probe  
  14  0:20  Pylon  
  14  0:25  Probe  
  15  0:35  Probe  
  15  0:40  Gateway  
  16  0:43  Probe  
  16  0:49  Assimilator  
  17  0:52  Probe  
  18  1:04  Probe  
  19  1:16  Probe  
  20  1:27  Nexus  
  20  1:37  Cybernetics Core  
  20  1:40  Probe  
  21  1:48  Assimilator  
  21  1:52  Probe  
  22  1:59  Pylon  
  22  2:04  Probe  
  22  2:07  Adept  
  23  2:17  Probe  
  26  2:26  Stargate  
  26  2:29  Probe  
  26  2:37  Adept  
  26  2:38  Probe  
  26  2:39  Warp Gate  
  26  2:41  Probe  
  30  2:46  Probe  
  31  2:53  Probe  
  31  2:55  Probe  
  32  2:59  Oracle  
  32  3:05  Probe  
  34  3:07  Probe  
  38  3:14  Stalker  
  38  3:17  Probe  
  42  3:20  Probe  
  42  3:29  Pylon, Probe  
  42  3:32  Probe  
  44  3:37  Gateway  
  44  3:41  Probe  
  44  3:43  Oracle  
  44  3:44  Probe  
  44  3:45  Gateway  
  46  3:52  Probe  
  50  3:56  Probe  
  50  4:00  Probe  
  50  4:01  Pylon  
  51  4:08  Probe x2  
  51  4:09  Pylon  
  53  4:10  Oracle  
  53  4:15  Pylon  
  54  4:20  Probe  
  54  4:23  Probe  
  59  4:29  Adept  
  61  4:32  Probe  
  61  4:34  Adept  
  64  4:41  Adept  
  64  4:42  Nexus  
  66  4:46  Pylon  
  66  4:51  Adept  
  68  4:54  Adept  
  71  5:00  Probe x2  
  71  5:01  Assimilator  
  71  5:04  Assimilator  
  72  5:07  Shield Battery  
  72  5:08  Probe  
  72  5:12  Probe  
  74  5:22  Forge  
  74  5:24  Twilight Council  
  72  5:29  Pylon  
  72  5:37  Probe  
  72  5:38  Probe, Protoss Ground Weapons Level 1  
  72  5:41  Blink  
  72  5:49  Probe  
  73  5:50  Probe  
  73  5:51  Gateway  
  73  5:53  Gateway x2  
  73  5:55  Gateway x2  
  70  6:01  Probe  
  70  6:02  Probe  
  70  6:06  Probe  
  70  6:11  Robotics Facility  
  69  6:13  Probe  
  69  6:16  Probe  
  69  6:18  Sentry x2  
  73  6:19  Adept  
  73  6:22  Photon Cannon  
  73  6:24  Probe  
  76  6:26  Probe  
  77  6:32  Gateway  
  77  6:33  Gateway  
  77  6:35  Pylon  
  77  6:37  Probe  
  78  6:42  Probe  
  78  6:45  Probe, Assimilator  
  80  6:48  Pylon, Warp Prism, Sentry x2  
  84  6:54  Stalker x2  
  84  6:55  Stalker  
  84  7:01  Probe x2  
  93  7:06  Stalker x2  
  98  7:11  Stalker x2  
  102  7:19  Probe  
  102  7:21  Stalker x2  
  107  7:23  Assimilator  
  107  7:26  Observer  
  107  7:28  Pylon  
  107  7:29  Pylon  
  108  7:38  Stalker x3  
  108  7:39  Stalker  
  108  7:42  Stalker  
  118  7:55  Pylon  
  118  8:04  Stalker x5  
  126  8:16  Robotics Bay, Robotics Facility  
  125  8:30  Stalker x2  
  125  8:31  Stalker x4  
Tags
 
Add a new tag
Caveats
  • Supply blocks, unpowered buildings, or Contaminate may cause inaccurate times.
  • Supply counts are checked every 10 seconds.